 Dungeon Crawl Stone Soup version 0.31-a0-229-g1fc7ce9 (webtiles) character file.

Game seed: 16525470201635299212

37 Dawnplanks the Gusty (level 3, -1/19 HPs)
             Began as a Tengu Air Elementalist on July 6, 2023.
             Slain by Terence
             ... wielding a +0 hand axe
              (3 damage)
             ... on level 2 of the Dungeon.
             The game lasted 00:01:27 (1686 turns).

Dawnplanks the Gusty (Tengu Air Elementalist)       Turns: 1686, Time: 00:01:28

Health: -1/19      AC:  3    Str:  8    XL:     3   Next: 41%
Magic:  1/7        EV: 12    Int: 17    God:
Gold:   68         SH:  0    Dex: 14    Spells: 5/6 levels left

rFire   . . .        (no weapon)
rCold   . . .        (no shield)
rNeg    . . .        a - +0 robe
rPois   .            (helmet restricted)
rElec   .            (no cloak)
rCorr   .            g - +0 pair of gloves
SInv    .            (boots unavailable)
Will    .....        (no amulet)
Stlth   ++           (no ring)
HPRegen 0.23/turn    (no ring)
MPRegen 0.10/turn

%: no passive effects
@: no status effects
A: beak, talons 3
a: no special abilities


You were on level 2 of the Dungeon.
You visited 1 branch of the dungeon, and saw 2 of its levels.

You collected 68 gold pieces.

Inventory:

Armour
 a - a +0 robe (worn)
 g - a +0 pair of gloves (worn)
Scrolls
 e - a scroll of amnesia {unknown}
 f - a scroll of fog {unknown}
 h - a scroll of teleportation {unknown}
 i - a scroll of silence {unknown}
Potions
 b - a potion of magic
 c - a potion of attraction {unknown}
 d - 3 potions of heal wounds {unknown}


   Skills:
 + Level 0.2 Fighting
 + Level 2.2 Dodging
 + Level 2.0 Stealth
 + Level 2.3 Spellcasting
 + Level 2.2 Conjurations
 + Level 5.0 Air Magic


You had 5 spell levels left.
You knew the following spells:

 Your Spells              Type           Power      Damage    Failure   Level
a - Shock                 Conj/Air       56%        1d6       4%          1

Your spell library contained the following spells:

 Spells                   Type           Power      Damage    Failure   Level
 Static Discharge         Conj/Air       28%        2-4/arc   6%          2
 Swiftness                Air            19%        N/A       7%          3
 Airstrike                Air            9%         2d(2-18)  24%         4


Dungeon Overview and Level Annotations

Branches:
Dungeon (2/15)

Altars:
Elyvilon

Annotations:
D:2 Terence


Innate Abilities, Weirdness & Mutations

You have a beak for a mouth.
You have claws for feet.


Message History

The zap hits Terence.
Terence is moderately wounded.
The zap hits Terence.
Terence is heavily wounded.
Terence barely misses you.
The zap hits Terence.
Terence is heavily wounded.
Terence hits you with a +0 hand axe.
The kobold throws a stone.
The stone hits you. Terence attacks as you move away!
Terence hits you with a +0 hand axe.
You are too injured to fight recklessly!
You are too injured to fight recklessly!
Casting: Shock (safe; 4% risk of failure)
Confirm with . or Enter, or press ? or * to list all spells.
Aiming: Shock (safe; 4% risk of failure)
Press: ? - help, Shift-Dir - straight line, f/p - Terence
Aim: Terence, wielding a +0 hand axe and wearing a +0 scale mail (heavily wounded, 75% to hit)
The zap hits Terence.
Terence is heavily wounded.
The zap hits the kobold.
You kill the kobold!
Terence hits you but does no damage.
Casting: Shock (safe; 4% risk of failure)
Confirm with . or Enter, or press ? or * to list all spells.
Aiming: Shock (safe; 4% risk of failure)
Press: ? - help, Shift-Dir - straight line, f/p - Terence
Aim: Terence, wielding a +0 hand axe and wearing a +0 scale mail (heavily wounded, 75% to hit)
The zap hits Terence but does no damage.
Terence is heavily wounded.
Terence hits you with a +0 hand axe.
* * * LOW HITPOINT WARNING * * *
Casting: Shock (safe; 4% risk of failure)
Confirm with . or Enter, or press ? or * to list all spells.
Aiming: Shock (safe; 4% risk of failure)
Press: ? - help, Shift-Dir - straight line, f/p - Terence
Aim: Terence, wielding a +0 hand axe and wearing a +0 scale mail (heavily wounded, 75% to hit)
The zap hits Terence but does no damage.
Terence is heavily wounded.
Terence hits you with a +0 hand axe.
You die...

#.#......#.# #.#.......
#.#........# #.###...⌠.
#.#........# ##...###...
#.#........# #..⌠...###.
#.#........# ##........##
#.##.......#####..........
#.............##........⌠.
##########.#.##.....#.....
#@#.##.⌠..†.....#
#@#.............#
#.#.###........## #'#.#
###...⌠..# #......#
##...## #...)..# ##..
?..!....# ## #........#
#....#.#.#


You could see Terence.

Vanquished Creatures
  A worm (D:2)
  A dart slug (D:1)
  3 endoplasms
  2 goblins
  3 jackals (D:1)
  A quokka (D:2)
  2 ball pythons
  7 bats
  2 frilled lizards (D:1)
  4 kobolds
  5 rats
31 creatures vanquished.

Notes
Turn   | Place    | Note
-------+----------+-------------------------------------------
     0 | D:1      | Dawnplanks the Tengu Air Elementalist began the quest for
                  | the Orb.
     0 | D:1      | Reached XP level 1. HP: 10/10 MP: 4/4
   265 | D:1      | Reached XP level 2. HP: 15/15 MP: 3/6
  1070 | D:2      | Found a white marble altar of Elyvilon.
  1132 | D:2      | Reached XP level 3. HP: 19/19 MP: 2/7
  1596 | D:2      | Reached skill level 5 in Air Magic
  1676 | D:2      | Noticed Terence
  1686 | D:2      | Slain by Terence

Illustrated notes

Levels and vault maps discovered:
D:1:      evilmike_arrival_rings, layout_rooms, serial_forest,
          infiniplex_forest_corner_1, infiniplex_forest_end_1,
          infiniplex_forest_clump_cross, infiniplex_forest_lined_room_3,
          infiniplex_forest_diagonal, infiniplex_forest_side_room,
          infiniplex_forest_clump_cross, infiniplex_forest_clump_curved,
          infiniplex_forest_straight_2, serial_bayou_pond_b
D:2:      minmay_skewed_foursquare, layout_basic, basic_altar, uniq_terence

Skill      XL: |  1  2  3 |
---------------+----------+-----
Conjurations   | 2 |  2.2
Air Magic      | 5 |  5.0
Fighting       | |  0.2
Dodging        | |  2.2
Stealth        | |  2.0
Spellcasting   | |  2.3

Action                     || total
---------------------------++-------
  Melee: Unarmed           ||    13
         Kick              ||     8
         Peck              ||     3
   Cast: Shock             ||    77
 Armour: Robe              ||     3
  Dodge: Dodged            ||    11

Table legend: (Time is in decaauts)
 A = Elapsed time spent in this place.
 B = Non-inter-level travel time spent in this place.
 C = Inter-level travel time spent in this place.
 D = Time resting spent in this place.
 E = Time spent auto-exploring this place.
 F = Levels seen in this place.
 G = Mean time per level.
                   A        B        C        D        E       F      G
               +--------+--------+--------+--------+--------+-----+--------+
         Total |   1685 |   1669 |     16 |      0 |   1504 |   2 |  842.5 |
       Dungeon |   1685 |   1669 |     16 |      0 |   1504 |   2 |  842.5 |
               +--------+--------+--------+--------+--------+-----+--------+

Top non-repeatable levels by time:
     D:1: 1070 daAuts
     D:2: 615 daAuts
